← All builds
Geo / Cortex / Economy first / OBSERVED BUILD

Standard geo

Cortex Geo build order · Supreme Isthmus

Standard Cortex Geo play: fast geothermal and advanced geothermal into T2 bot lab, blowing up the commander for T2 and supplying teammates with constructors and rez bots while bringing Sheldons and other T2 bots to front.

Usually blows up the commander for T2 (71%)

#eco #t2 #team support · 247 distinct matches · 92 players · 32% of Cortex Geo games · team won 44% of 253 · Recently observed

THE CATCH, AND WHAT COMES WITH IT
  • SumoSumo in 42%17% of all Geo games by then
  • ArbiterArbiter in 42%18% of all Geo games by then

Then transitions into Sheldon (26% of army), Sumo (9% of army), Arbiter (8% of army).

HOW TO PLAY IT

Key timing: T2 bot lab by 8:03

  1. Open 3 mex into early Bot Lab and solar.
  2. Bring geothermal online fast to fund the tech rush.
  3. Finish Advanced Bot Lab to unlock T2 bot units.
  4. Push Sheldon (and Arbiter, Sumo) to front as the first T2 units.
  5. Switch into T2 construction bots to supply allies with T2 cons.

Phase by phase

TYPICAL OF ITS 247 GAMES · AGAINST STANDARD GEO
  1. 1
  2. 2
  3. 3
  4. 4
PLAY THE OPENING

Follow the example game's first 6:00 step by step: what to build now, what comes next, and where it goes. At 1× it keeps pace with your own game.

  1. 1

    Up to the Bot Lab

    Economy
    • Metal Extractor3Mex
    • Wind Turbine4Wind
    Order
    1. Bot LabBot Lab after 3 mex, 4 winddone ~1:13, middle half 0:57–1:23

    By 0:56 in all: 3 mex · 4 wind

    The example game in this phase · 5 steps
    1. Mex ×3
    2. Wind ×4
    3. Mex
    4. Wind
    5. Bot LabBot Labdone 1:57 · typical 1:13
  2. 2

    Bot Lab to 5:00

    Economy
    • Metal Extractor1Mex
    • Wind Turbine4Wind−4 vs standard
    • Energy Converter8Converter
    • Energy Storage1Energy storage
    Order
    1. Geothermal PowerplantGeo after 4 mex, 6 wind, 1 energy storage
    2. Bot LabEat Bot Lab
    Builders
    • Construction Turret5 Con turret +3 vs standard
    • Graverobber4 Graverobber
    • Construction Bot2 Con bot
    • Construction Bot1 Con bot for allies
    • Graverobber1 Graverobber for allies

    By 5:00 in all: 4 mex · 7 wind (standard 10) · 1 geo · 8 converter · 1 energy storage · 5 con turret (standard 2)

    The example game in this phase · 20 steps
    1. Wind
    2. GraverobberGraverobber
    3. Construction BotCon bot
    4. GruntGruntfor Pond
    5. Construction BotCon botfor Beach sea
    6. GraverobberGraverobberfor Beach sea
    7. Wind
    8. GraverobberGraverobber ×2
    9. Wind
    10. Construction BotCon bot
    11. GraverobberGraverobber
    12. Geothermal PowerplantGeodone 3:51 · typical 3:25
    13. Con turret ×3
    14. Converter ×3
    15. Bot LabEat Bot Labreclaimed for its metal
    16. Converter ×2
    17. Con turret
    18. Converter
    19. ThugThugfor Suicide front
    20. Energy storage
  3. 3

    5:00 to Advanced Bot Lab

    Economy
    • Wind Turbine3Wind
    • Energy Converter2Converter
    Order
    1. Advanced Geothermal PowerplantAdvanced Geothermal Powerplant after 9 wind, 12 converter, 6 con turretin 61% of games
    2. Advanced Bot LabAdvanced Bot Lab after 13 wind, 12 converter, 6 con turretdone ~7:55, middle half 7:31–8:28

    Some games also: con turret (50%)

    By 7:15 in all: 4 mex · 12 wind · 1 geo · 1 Advanced Geothermal Powerplant · 12 converter (standard 8) · 1 energy storage

    The example game in this phase · 13 steps
    1. ThugThugfor Suicide front
    2. Wind
    3. Advanced Metal ExtractorT2 mexdone 5:35 · typical 5:38
    4. Con turret
    5. Wind
    6. Advanced Metal ExtractorT2 mex ×2
    7. Wind
    8. Advanced Metal ExtractorT2 mex
    9. Wind ×2
    10. Advanced Geothermal PowerplantAdvanced Geothermal Powerplantdone 7:16 · typical 7:17
    11. Wind
    12. Radar TowerRadar Tower
    13. Advanced Bot LabAdvanced Bot Labdone 7:52 · typical 7:55
  4. 4

    Advanced Bot Lab to 10:00

    Economy
    • Energy Converter3Converter+3 vs standard
    Army
    • Sheldon3 Sheldon +3 vs standard
    • Augur1 Radar bot

    Some games also: jammer bot (49%) · T2 con bot for allies (46%) · wind (39%) · con turret (36%) · crawling bomb (33%)

    By 10:00 in all: 4 mex · 17 wind · 1 geo · 1 Advanced Geothermal Powerplant · 16 converter (standard 10) · 1 energy storage

    The example game in this phase · 77 steps
    1. Mex
    2. DeceiverJammer bot
    3. GuardGuard
    4. Converter
    5. SheldonSheldondone 8:05 · typical 8:42
    6. Converter
    7. FiendFiend
    8. GuardGuard
    9. Converter
    10. FiendFiend
    11. GuardGuard
    12. Converter
    13. FiendFiend
    14. Converter
    15. FiendFiend
    16. Converter ×2
    17. FiendFiend
    18. Converter
    19. SheldonSheldon
    20. Mex
    21. Radar TowerRadar Tower
    22. Converter
    23. SheldonSheldon
    24. Converter
    25. SheldonSheldon
    26. Converter
    27. SheldonSheldon
    28. Converter
    29. SheldonSheldon
    30. SkuttleCrawling bombdone 9:27
    31. SumoSumo ×4done 9:41
    32. Twin GuardTwin Guard
    33. SumoSumo
    34. FiendFiend
    35. GuardGuard
    36. FiendFiend ×3
    37. SpectreSpectre
    38. GuardGuard
    39. SpectreSpectre
    40. GuardGuard
    41. SheldonSheldon ×2
    42. SpectreSpectre
    43. ArbiterArbiterdone 11:22
    44. GuardGuard
    45. ArbiterArbiter ×3
    46. GuardGuard
    47. ArbiterArbiter ×3
    48. Mex
    49. ArbiterArbiter
    50. SumoSumo
    51. SpectreSpectre
    52. Wind
    53. SpectreSpectre
    54. Wind ×2
    55. DeceiverJammer bot
    56. Wind
    57. Radar TowerRadar Tower
    58. Wind
    59. BedbugCrawling bomb
    60. Wind ×2
    61. BedbugCrawling bomb
    62. Wind
    63. BedbugCrawling bomb
    64. Wind
    65. Mex
    66. Wind
    67. BedbugCrawling bomb
    68. Wind
    69. BedbugCrawling bomb
    70. Wind
    71. SpectreSpectre ×2
    72. BedbugCrawling bomb ×3
    73. Twin GuardTwin Guard
    74. BedbugCrawling bomb ×2
    75. SpectreSpectre
    76. Twin GuardTwin Guard
    77. SpectreSpectre

Counts are medians over the build's games: half of them build more, half fewer. The example game is _Hawkey_'s (62 OS, 02/10/2026); pick another.

Team trades

IN AT LEAST 30% OF ITS GAMES

You hand over

  • Graverobber1 Graverobber to Beach seafirst at 2:20 · in 79% of games
  • Construction Bot1 Con bot to Beach seafirst at 2:36 · in 88% of games
  • Advanced Construction Bot1 T2 con bot to Suicide front or Frontfirst at 8:39 · in 55% of games

You get

  • Advanced Construction Bot1 T2 con bot from Techfirst at 4:55 · in 93% of games

How it plays out

Typical game of this build, running totals by minute

Metal produced

020k40k
0:005:0010:0015:00

metal

Enemy metal destroyed

05k10k
0:005:0010:0015:00

metal

Own metal lost

02k4k6k
0:005:0010:0015:00

metal

253 games.

Show as table
ByMetal produced: This buildEnemy metal destroyed: This buildOwn metal lost: This build
1:0034200
2:0087000
3:00150000
4:00266200
5:00368600
6:00558500
7:00788900
8:001095700
9:00138722144
10:0016778296180
11:00196051104725
12:002268322361400
13:002551240442397
14:002840258154304
15:003130778815756
WHAT THE NUMBERS SAY

Standard geo play wins less than half its games but builds a big eco lead, reaching nearly 31.5k metal production by 15:00.

  • + Metal production hits 16919 by 10:00, well ahead of most roles.
  • + Own metal lost stays near zero (260) by 10:00, a very safe tech rush.
  • − Team wins under half of games (46%).
  • − Enemy metal destroyed stays low (423) by 10:00, showing slow early impact.
THE EXAMPLE YOU ARE READING

_Hawkey_

62.0 OS · 02/10/2026

Open source match ↗

2 received units · includes a constructor
554 metal received · 57244 energy received

Allied construction assistance is unknown. Timings are observations, not a promise of solo reproducibility.

Typical milestones

Bot Lab1:13Middle 50%: 0:57–1:23 · n=252
Geothermal Powerplant3:25Middle 50%: 3:09–3:44 · n=252
Advanced Metal Extractor5:38Middle 50%: 5:20–6:04 · n=234
Advanced Geothermal Powerplant7:17Middle 50%: 6:54–7:46 · n=170
Advanced Bot Lab7:55Middle 50%: 7:31–8:28 · n=199
Sheldon8:42Middle 50%: 8:04–9:17 · n=169

Played most by

_Hawkey_20games of this buildzeus_on_god13games of this buildRogShotz12games of this buildGodmother139games of this buildViltrum9games of this build